 Dungeon Crawl Stone Soup version 0.28.0-53-g5a82cb258f (webtiles) character file.

Game seed: 5786262787668462738

249 SanguineChosen the Covered (level 6, -4/38 HPs)
             Began as a Gargoyle Fighter on July 1, 2022.
             Was a Follower of Uskayaw.
             Slain by an ogre
             ... wielding a +0 giant spiked club
              (15 damage)
             ... on level 4 of the Dungeon.
             The game lasted 00:11:42 (3590 turns).

SanguineChosen the Covered (Gargoyle Fighter)       Turns: 3590, Time: 00:11:42

Health: -4/38      AC: 15    Str: 22    XL:     6   Next: 12%
Magic:  15/15      EV:  9    Int:  8    God:    Uskayaw [*.....]
Gold:   118        SH:  4    Dex:  9    Spells: 5/5 levels left

rFire   . . .      SeeInvis .   r - +7 long sword of Defence {flame, MP+9}
rCold   . . .      Faith    .   c - +0 buckler
rNeg    + . .      Spirit   .   b - +0 scale mail
rPois   ∞          Reflect  .   j - +0 hat
rElec   +          Harm     .   t - +2 cloak
rCorr   .          Rampage  .   (no gloves)
Will    .....                   i - +0 pair of boots
Stlth   ..........              (no amulet)
HPRegen 0.12/turn               (no ring)
MPRegen 0.14/turn               (no ring)

@: mighty
A: sickness immunity, AC +4, negative energy resistance 1, electricity
resistance, torment resistance 1, petrification resistance
a: Renounce Religion, Stomp


You were on level 4 of the Dungeon.
You worshipped Uskayaw.
Uskayaw was noncommittal.
You visited 1 branch of the dungeon, and saw 4 of its levels.

You collected 166 gold pieces.
You spent 48 gold pieces at shops.

Inventory:

Hand Weapons
 a - a +0 flail
 m - a +1 spear of venom
 r - the +7 long sword of Defence (weapon) {flame, MP+9}
   (You found it on level 3 of the Dungeon)

   It burns those it strikes, dealing additional fire damage.
   Big, fiery blades are also staple armaments of hydra-hunters.
   MP:        It affects your magic capacity (+9).
Missiles
 s - 5 atropa-tipped darts (quivered)
Armour
 b - a +0 scale mail (worn)
 c - a +0 buckler (worn)
 i - a +0 pair of boots (worn)
 j - a +0 hat (worn)
 t - a +2 cloak (worn)
Jewellery
 o - an amulet of magic regeneration
Scrolls
 e - a scroll of torment {unknown}
 g - a scroll of fear
 k - 2 scrolls of fog {unknown}
 l - a scroll of immolation {unknown}
 n - a scroll of brand weapon {unknown}
 p - a scroll of magic mapping {unknown}
 u - a scroll of vulnerability {unknown}
Potions
 f - a potion of curing {unknown}
 h - a potion of haste
 q - a potion of berserk rage {unknown}


   Skills:
 + Level 3.9 Fighting
 + Level 1.0 Long Blades
 + Level 4.1 Maces & Flails
 + Level 4.3 Armour
 + Level 0.8 Dodging
 + Level 0.5 Stealth
 + Level 4.1 Shields


You had 5 spell levels left.
You didn't know any spells.
Your spell library contained the following spells:

 Spells                   Type           Power      Damage    Failure   Level
 Foxfire                  Conj/Fire      0%         2x1d4     82%         1
 Conjure Flame            Conj/Fire      0%         6-21      99%         3
 Inner Flame              Hex/Fire       0%         N/A       99%         3
 Cause Fear               Hex            0%         N/A       100%        4
 Flame Wave               Conj/Fire      0%         2d4       100%        4
 Discord                  Hex            0%         N/A       100%        8


Dungeon Overview and Level Annotations

Branches:
Dungeon (4/15)
 Temple: D:4-7

Altars:
Ashenzari
Cheibriados
Uskayaw

Shops:
D:3 *=


Innate Abilities, Weirdness & Mutations

You are immune to sickness and miasma.
Your stone body is resilient. (AC +4)
You are immune to poison.
You resist negative energy. (rN+)
You are resistant to electric shocks. (rElec)
You are resistant to unholy torment.
You are immune to petrification.


Message History

A goblin comes into view. It is wielding a +0 dagger.
The goblin shouts!
A goblin is nearby!
You block the goblin's attack.
You barely miss the goblin. The goblin closely misses you.
You slash the goblin! You burn the goblin.
You kill the goblin!
Things that are here:
a +0 dagger; a goblin corpse
Things that are here:
a +0 dagger; a goblin corpse You see here a +0 mace.
An orc comes into view. It is wielding a +0 whip.
An orc comes into view. It is wielding a +0 dagger.
The orc shouts!
You hear a shout!
An orc comes into view. It is wielding a +0 dagger.
An ogre comes into view. It is wielding a +0 giant spiked club.
The orc shouts!
The ogre shouts!
An orc comes into view. It is wielding a +0 flail.
An orc comes into view. It is wielding a +0 short sword.
The orc shouts!
You hit the orc. You burn the orc.
The orc is almost dead.
The orc barely misses you.
You slash the orc! You burn the orc.
You kill the orc!
You slash the orc! You burn the orc.
You kill the orc!
You barely miss the orc. The orc hits you with a +0 flail.
You block the orc's attack.
You hit the orc. You burn the orc.
You kill the orc!
The ogre hits you with a +0 giant spiked club!!
Ouch! That really hurt!
* * * LOW HITPOINT WARNING * * *
You feel very mighty all of a sudden.
You slash the ogre! You burn the ogre.
The ogre is heavily wounded.
The ogre hits you with a +0 giant spiked club!
You die...

# # #.# #.###. #.# ......#
#.# .......###############
#.#
....o................###.#
.....Oo..o................
...o..o##o######.###.##..#
....... #O#..#.....#.#....
....... #@#..#.#.#.......#
....... #.#..#.#.#÷......#
....... #....#...........#
....... #...####.#.......#
.......##........#..(...##
#......##........#.#+#...#
#.......#...####.#.#.#...#
#.......#...# #.#....#..#
#.......#)..####+#.......#


You could see an ogre and 2 orcs.

Vanquished Creatures
  A scorpion (D:4)
  A water moccasin skeleton (D:4)
  A hound (D:4)
  A hound skeleton (D:4)
  3 gnolls (D:3)
  2 worms
  2 dart slugs
  4 orcs
  3 ball pythons
  5 endoplasms
  2 giant cockroaches
  3 goblins
  7 hobgoblins
  4 jackals (D:3)
  A quokka (D:3)
  9 bats
  3 frilled lizards
  4 kobolds
  4 rats
60 creatures vanquished.

Notes
Turn   | Place    | Note
-------+----------+-------------------------------------------
     0 | D:1      | SanguineChosen the Gargoyle Fighter began the quest for the
                  | Orb.
     0 | D:1      | Reached XP level 1. HP: 14/14 MP: 1/1
   290 | D:1      | Reached XP level 2. HP: 18/19 MP: 2/2
   939 | D:2      | Found a faded altar of an unknown god.
   976 | D:2      | Reached XP level 3. HP: 23/23 MP: 3/3
  1621 | D:2      | Found a hide-covered altar of Uskayaw.
  1637 | D:2      | Became a worshipper of Uskayaw the Reveller
  1861 | D:3      | Reached * piety under Uskayaw
  2007 | D:3      | Identified the +7 long sword of Defence {flame, MP+9}
  2107 | D:3      | Reached ** piety under Uskayaw
  2166 | D:3      | Found Kouzae's General Store.
  2172 | D:3      | Bought a scroll of identify for 24 gold pieces
  2172 | D:3      | Bought a scroll of identify for 24 gold pieces
  2220 | D:3      | Reached XP level 4. HP: 18/28 MP: 4/4
  2737 | D:3      | Found a broken altar of Ashenzari.
  2811 | D:3      | Found Tadaned's Jewellery Boutique.
  3249 | D:4      | Reached XP level 5. HP: 27/33 MP: 5/5
  3341 | D:4      | Reached *** piety under Uskayaw
  3342 | D:4      | Reached skill level 1 in Long Blades
  3342 | D:4      | Reached XP level 6. HP: 37/38 MP: 6/6
  3514 | D:4      | Found a snail-covered altar of Cheibriados.
  3590 | D:4      | Slain by an ogre

Illustrated notes

Levels and vault maps discovered:
D:1:      evilmike_arrival_hilbert_curve, layout_rooms
D:2:      layout_loops_corners, shapermc_ecumenical_altar_totnotflames,
          basic_altar
D:3:      layout_loops_cross, lemuel_crystal_altar, serial_shops, shop,
          nicolae_shop_hallway_plus
D:4:      layout_basic, mainiacjoe_overflow_alcove_2, serial_corexii_hall,
          corexii_hall_statues_i, corexii_hall_statues_l, skrybe_limestone_x

Skill      XL: |  1  2  3  4  5 |
---------------+----------------+-----
Shields        | 4 |  4.1
Armour         | 4 |  4.3
Maces & Flails | 3 4 |  4.1
Long Blades    | 1 |  1.0
Fighting       | |  3.9
Dodging        | |  0.8
Stealth        | |  0.5

Action                   |  1- 3 |  4- 6 || total
-------------------------+-------+-------++-------
Melee: Flail             |   123 |    22 ||   145
       Long sword        |       |    33 ||    33
  Use: Scroll            |     4 |     1 ||     5
       Potion            |     1 |     1 ||     2
Armor: Scale mail        |    69 |    30 ||    99
Dodge: Dodged            |    60 |    27 ||    87
Block: Buckler           |    23 |     9 ||    32
